 Dungeon Crawl Stone Soup version 0.24.0-125-gc4c63601f3 (webtiles) character file.

Game seed: 9954880579773199942, levelgen mode: deterministic

42 MajorAdolf the Skirmisher (level 3, -2/34 HPs)
             Began as a Naga Wanderer on Mar 9, 2020.
             Slain by a gnoll
             ... wielding a +0 flail
              (14 damage)
             ... on level 2 of the Dungeon.
             The game lasted 00:03:16 (1528 turns).

MajorAdolf the Skirmisher (Naga Wanderer)           Turns: 1528, Time: 00:03:16

Health: -2/34      AC:  2    Str: 14    XL:     3   Next: 56%
Magic:  3/3        EV: 10    Int: 11    God:
Gold:   105        SH:  0    Dex: 17    Spells: 2/2 levels left

rFire    . . .     SeeInvis +   a - +2 mace
rCold    . . .     Gourm    .   (no shield)
rNeg     . . .     Faith    .   i - +0 robe
rPois    +         Spirit   .   (no helmet)
rElec    .         Reflect  .   (no cloak)
rCorr    .         Harm     .   (no gloves)
MR       .....                  (no barding)
Stlth    +++.......             (no amulet)
HPRegen  0.11/turn              (no ring)
MPRegen  0.08/turn              (no ring)

@: agile, held, very slow
A: large, see invisible, deformed body, poison resistance, slowness 2, slow
metabolism 1, spit poison 1, AC +1
a: Spit Poison


You were on level 2 of the Dungeon.
You were not hungry.

You visited 1 branch of the dungeon, and saw 2 of its levels.

You collected 105 gold pieces.

Inventory:

Hand Weapons
 a - a +2 mace (weapon)
 k - a +0 hand axe
Missiles
 e - 54 stones (quivered)
Armour
 b - a +0 ring mail
 i - a +0 robe (worn)
Scrolls
 h - a scroll of teleportation {unknown}
 j - a scroll of amnesia {unknown}
Comestibles
 d - 4 rations


   Skills:
 - Level 3.4 Fighting
 + Level 0.4(2.0) Axes
 - Level 3.1 Maces & Flails
 - Level 1.0 Throwing
 - Level 2.5 Armour
   Level 1.0 Shields


You had 2 spell levels left.
You didn't know any spells.
Your spell library was empty.

Dungeon Overview and Level Annotations

Branches:
Dungeon (2/15)

Altars:


Innate Abilities, Weirdness & Mutations

You cannot wear boots.
Your serpentine skin is tough. (AC +1)
You have supernaturally acute eyesight. (SInv)
Armour fits poorly on your strangely shaped body.
Your system is resistant to poisons. (rPois)
You cover ground very slowly.
You have a slow metabolism.
You can spit poison.


Message History

You hit the gnoll.
The gnoll is lightly wounded.
The gnoll barely misses you.
The gnoll shouts!
The gnoll throws a throwing net.
The throwing net hits you.
You become entangled in the net!
The gnoll hits you with a +0 flail!
You see here a throwing net.
Unknown command.
You feel better.
You have got your breath back.
You struggle against the net.
The gnoll hits you with a +0 flail! The gnoll hits you with a +0 flail.
As you read the scroll labeled DEFIROI PILE, it crumbles to dust.
It is a scroll of identify.
f - a potion of agility The gnoll hits you with a +0 flail.
You feel agile all of a sudden. The gnoll closely misses you.
The gnoll barely misses you.
You tear a large gash into the net.
The gnoll hits you with a +0 flail!
You die...

### ....
#################### .g..g
#..................#
......#..g...............##
......'..g@..(.............
.
......#..g...............##
.# .....
########.....####### .#
.... #.....# .# .## #.....#
.#####.### #.....#
.......... #######
.#......# ..<...#..<
########


You could see 3 gnolls.

Vanquished Creatures
  3 dart slugs
  A leopard gecko (D:1)
  5 giant cockroaches
  3 goblins (D:2)
  3 hobgoblins
  2 jackals (D:2)
  4 kobolds (D:1)
  2 bats
  4 frilled lizards
  7 rats
34 creatures vanquished.

Notes
Turn   | Place    | Note
-------+----------+-------------------------------------------
     0 | D:1      | MajorAdolf the Naga Wanderer began the quest for the Orb.
     0 | D:1      | MajorAdolf set off with the following items: a +2 mace, a
                  | +0 ring mail, a potion of curing, a ration
     0 | D:1      | Reached XP level 1. HP: 19/19 MP: 1/1
   131 | D:1      | Reached XP level 2. HP: 26/27 MP: 2/2
   589 | D:1      | Reached XP level 3. HP: 32/34 MP: 3/3
  1528 | D:2      | Slain by a gnoll

Levels and vault maps discovered:
D:1:      lightli_arrival_windingriver, layout_basic
D:2:      layout_basic, first_ration, minmay_worlds_worst_comb

Skill      XL: |  1  2 |
---------------+-------+-----
Fighting       | 3 |  3.4
Axes           | |  0.4
Maces & Flails | |  3.1
Throwing       | |  1.0
Armour         | |  2.5
Shields        | |  1.0

Action                   || total
-------------------------++-------
Melee: Mace              ||    77
 Abil: Spit Poison       ||     9
  Use: Potion            ||     2
       Scroll            ||     1
 Stab: Sleeping          ||     1
  Eat: Chunk             ||     2
Armor: Ring mail         ||    15
       Robe              ||     7
       Skin              ||     1
Dodge: Dodged            ||    40
